 Dungeon Crawl Stone Soup version 0.24.0-1-gfbc8707122 (webtiles) character file.

Game seed: 15112456915509534347, levelgen mode: deterministic

47 Mrkan the Skirmisher (level 3, -3/33 HPs)
             Began as a Hill Orc Fighter on Oct 27, 2019.
             Slain by a gnoll
             ... wielding a cursed -1 flail
              (8 damage)
             ... on level 4 of the Dungeon.
             The game lasted 00:01:41 (1097 turns).

Mrkan the Skirmisher (Hill Orc Fighter)             Turns: 1097, Time: 00:01:42

Health: -3/33      AC:  6    Str: 19    XL:     3   Next: 70%
Magic:  3/3        EV:  4    Int:  8    God:
Gold:   114        SH:  0    Dex: 10    Spells: 2/2 levels left

rFire    . . .     SeeInvis .   a - +0 war axe
rCold    . . .     Gourm    .   c - +0 shield
rNeg     . . .     Faith    .   b - +0 scale mail
rPois    .         Spirit   .   (helmet restricted)
rElec    .         Reflect  .   (no cloak)
rCorr    .         Harm     .   (no gloves)
MR       .....     Rnd*Tele +   (no boots)
Stlth    ..........             (no amulet)
HPRegen  0.11/turn              (no ring)
MPRegen  0.08/turn              (no ring)

@: lethally poisoned (-3 -> -6), held
A: horns 1, screaming 1, teleportitis 1, MP-powered wands
a: no special abilities


You were on level 4 of the Dungeon.
You were hungry.

You visited 1 branch of the dungeon, and saw 4 of its levels.

You collected 114 gold pieces.

Inventory:

Hand Weapons
 a - a +0 war axe (weapon)
Armour
 b - a +0 scale mail (worn)
 c - a +0 shield (worn)
 n - a +0 pair of boots
Jewellery
 m - an uncursed ring of poison resistance {unknown}
 o - an uncursed ring of see invisible {unknown}
Scrolls
 e - 4 scrolls of remove curse {unknown}
 i - a scroll of enchant armour {unknown}
 j - a scroll of identify {unknown}
 k - 4 scrolls of teleportation {unknown}
Potions
 g - a potion of ambrosia {unknown}
 h - a potion of berserk rage {unknown}
 l - a potion of magic {unknown}
 p - a potion of invisibility {unknown}
Comestibles
 f - 3 rations


   Skills:
 + Level 4.2 Fighting
 * Level 4.1 Axes
 - Level 3.2 Armour
 + Level 3.7 Shields


You had 2 spell levels left.
You didn't know any spells.
Your spell library was empty.

Dungeon Overview and Level Annotations

Branches:
Dungeon (4/15)
 Temple: D:4-7

Altars:

Annotations:
D:2 Sigmund


Innate Abilities, Weirdness & Mutations

You have a pair of small horns on your head.
You occasionally shout uncontrollably at your foes.
You are occasionally teleported next to monsters.
You expend magic power (3 MP) to strengthen your wands.


Message History

There is a stone staircase leading up here.
You hit the orc.
The orc is moderately wounded.
You closely miss the frilled lizard.
You feel sick. The orc hits you but does no damage.
You block the frilled lizard's attack.
The gnoll throws a throwing net.
The throwing net hits you.
You become entangled in the net!
You tear a large gash into the net.
The orc hits you but does no damage.
The frilled lizard bites you but does no damage.
The gnoll hits you with a cursed -3 whip.
* * * LOW HITPOINT WARNING * * *
Sorry, you're not good enough to have a special ability.
It was a potion of mutation.
You feel extremely strange.
You feel your magical essence link to the dungeon's wands.
You feel the urge to shout.
You feel weirdly uncertain. A pair of horns grows on your head!
The orc hits you but does no damage. The frilled lizard bites you.
* * * LOW HITPOINT WARNING * * *
The gnoll hits you with a cursed -1 flail!
You die...

.......#.
.........
###........
#........#
........#
#.......#
#o.l....#
#@g...#
##g..#...
...g.#
######


You could see 3 gnolls, an orc and a frilled lizard.

Vanquished Creatures
  2 adders (D:2)
  A worm (D:2)
  2 dart slugs
  2 leopard geckos (D:2)
  4 bats
  5 goblins (D:1)
  2 hobgoblins (D:1)
  A kobold (D:1)
  A frilled lizard (D:1)
  2 rats (D:1)
22 creatures vanquished.

Notes
Turn   | Place    | Note
-------+----------+-------------------------------------------
     0 | D:1      | Mrkan the Hill Orc Fighter began the quest for the Orb.
     0 | D:1      | Reached XP level 1. HP: 19/19 MP: 1/1
   255 | D:1      | Reached XP level 2. HP: 27/27 MP: 2/2
   785 | D:2      | Reached XP level 3. HP: 9/33 MP: 3/3
   997 | D:2      | Noticed Sigmund
  1097 | D:4      | Gained mutation: You expend magic power (3 MP) to
                  | strengthen your wands. [potion of mutation]
  1097 | D:4      | Gained mutation: You occasionally shout uncontrollably at
                  | your foes. [potion of mutation]
  1097 | D:4      | Gained mutation: You are occasionally teleported next to
                  | monsters. [potion of mutation]
  1097 | D:4      | Gained mutation: You have a pair of small horns on your
                  | head. [potion of mutation]
  1097 | D:4      | Slain by a gnoll

Levels and vault maps discovered:
D:1:      minmay_arrival_checkered_box, layout_basic
D:2:      layout_loops_ring, uniq_sigmund, uniq_terence
D:3:      layout_rooms, nrook_mini_vaults, minmay_snake_closets, uniq_jessica
D:4:      layout_rooms, grunt_temple_overflow_open, uniq_duvessa

Skill      XL: |  1  2  3 |
---------------+----------+-----
Axes           | 3 4 |  4.1
Fighting       | 4 |  4.2
Armour         | |  3.2
Shields        | |  3.7

Action                   || total
-------------------------++-------
Melee: War axe           ||    83
  Use: Potion            ||     2
Armor: Scale mail        ||    48
Dodge: Dodged            ||    24
Block: Shield            ||    67
